[Event "*** SCC Grand Prix: Titled Tuesday Blitz"]
[Site "Chess.com"]
[Date "2020.06.09"]
[Round "8"]
[White "publicaccountcze"]
[Black "Kapibara_Warri0r"]
[Result "1-0"]
[WhiteElo "2234"]
[BlackElo "2107"]
[TimeControl "180+1"]
[EndTime "10:35:16 PDT"]
[Termination "publicaccountcze won by checkmate"]

1. e4 e5 2. Nf3 Nc6 3. Nc3 Nf6 4. d4 exd4 5. Nxd4 Bb4 6. Nxc6 bxc6 7. Bd3 d6 8. h3 h6 9. O-O g5 10. Re1 Be6 11. f4 Bc5+ 12. Kh2 g4 13. f5 gxh3 14.
fxe6 hxg2 15. exf7+ Kxf7 16. Qf3 g1=Q+ 17. Rxg1 Bxg1+ 18. Kxg1 Rg8+ 19. Kf1 Ke8 20. e5 Ng4 21. Qxc6+ Ke7 22.
exd6+ cxd6 23. Nd5+ Ke6 24. Nc7+ Kf6 25. Qf3+ Ke7 26. Nd5+ Kd7 27. Bf5+ Kc6 28. Ne7+ Kb6 29. Qc6+ Ka5 30. Bd2# 1-0

[Event "*** SCC Grand Prix: Titled Tuesday Blitz"]
[Site "Chess.com"]
[Date "2020.06.09"]
[Round "8"]
[White "Gennady_Kozlov"]
[Black "Thipsay"]
[Result "1-0"]
[WhiteElo "2563"]
[BlackElo "2434"]
[TimeControl "180+1"]
[EndTime "10:35:17 PDT"]
[Termination "Gennady_Kozlov won by resignation"]

1. b3 Nf6 2. Bb2 g6 3. e3 Bg7 4.
f4 O-O 5. Nf3 d6 6. Be2 Nc6 7. O-O e5 8. fxe5 Nd7 9. Nc3 dxe5 10. Qe1 h6 11. a3 e4 12. Nh4 Bf6 13. g3 Qe7 14. Ng2 Bg7 15. Nd5 Qd6 16. Bxg7 Kxg7 17. c4 Nde5 18. Qc1 Bh3 19. Qc3 f6 20. Rf2 Bxg2 21.
Kxg2 Ne7 22. Nf4 Rad8 23. Rd1 g5 24. Nh5+ Kg6 25. g4 Ng8 26. Ng3 Kh7 27. Nxe4 Qc6 28. d3 Kg7 29. Bf3 Qe8 30. Ng3 Nxf3 31. Rxf3 Qd7 32.
Nf5+ Kh8 33. d4 Rde8 34. h4 Re4 35. Rg3 Rxg4 36. Rxg4 Qxf5 37. Rg3 gxh4 38. Rf3 Qg4+ 39. Kf2 h3 40. Rg1 Qh4+ 41. Ke2 h2 42. Rh1 f5 43.
Qe1 Qh5 44. Qf2 Nf6 45. Rxh2 Qg4 46. Qg3 Qxg3 47. Rxg3 Ng4 48. Rh5 Kg7 49. e4 Re8 50. Rxf5 Rxe4+ 51. Kf3 1-0

[Event "*** SCC Grand Prix: Titled Tuesday Blitz"]
[Site "Chess.com"]
[Date "2020.06.09"]
[Round "8"]
[White "Oneofmyturns"]
[Black "MikaelyanArman"]
[Result "0-1"]
[WhiteElo "2582"]
[BlackElo "2766"]
[TimeControl "180+1"]
[EndTime "10:35:18 PDT"]
[Termination "MikaelyanArman won on time"]

1. d4 Nf6 2. c4 g6 3. Nc3 Bg7 4. e4 O-O 5. h3 d6 6. Be3 Nc6 7. d5 Ne5 8. f4 Ned7 9. g4 e6 10.
Nf3 exd5 11. cxd5 Re8 12. Bd3 b5 13. g5 Nh5 14. Nxb5 Ng3 15. Rg1 Nxe4 16. Bxe4 Rxe4 17. Kf2 Nc5 18. Nbd4 Qe8 19. Re1 Bxh3 20. b4 Na4 21.
Rc1 Bg4 22. Qb3 Rc8 23. Nc6 Nb6 24. a4 f6 25. a5 Nd7 26. Nd2 fxg5 27. Nxe4 Qxe4 28.
Bxa7 Qxf4+ 29. Kg1 Bf3 30. Rc2 Rf8 0-1

[Event "*** SCC Grand Prix: Titled Tuesday Blitz"]
[Site "Chess.com"]
[Date "2020.06.09"]
[Round "8"]
[White "Witik"]
[Black "letsgoband"]
[Result "0-1"]
[WhiteElo "2577"]
[BlackElo "2459"]
[TimeControl "180+1"]
[EndTime "10:35:18 PDT"]
[Termination "letsgoband won by resignation"]

1. d4 Nf6 2. c4 g6 3. Nc3 Bg7 4. e4 d6 5. f4 O-O 6. Nf3 c5 7.
dxc5 dxc5 8. Bd3 Nc6 9. e5 Nb4 10. Bb1 Qxd1+ 11. Nxd1 Ne8 12. Nc3 Nc7 13. Be3 b6 14.
Be4 Rb8 15. a3 Nba6 16. O-O Bf5 17. Bxf5 gxf5 18. Nd5 Nxd5 19. cxd5 Rfd8 20. Rfd1 Nc7 21. d6 exd6 22. exd6 Nb5 23. d7 Bxb2 24. Ra2 Nc3 25.
Rd2 Nxa2 26. Rxb2 Nc3 27. Ne5 Rb7 28. Bxc5 Na4 29. Be7 Rdxd7 30. Rb4 Rxe7 31. Rxa4 f6 32. Nc6 Re4 33. Ra6 Rxf4 34. Nxa7 Rc7 35. h3 Rc1+ 36. Kh2 Rff1 37. Kg3 Rc3+ 38. Kh4 Kg7 39. Rxb6 Kg6 0-1

[Event "*** SCC Grand Prix: Titled Tuesday Blitz"]
[Site "Chess.com"]
[Date "2020.06.09"]
[Round "8"]
[White "goofypenguin96"]
[Black "Vision_64"]
[Result "1-0"]
[WhiteElo "2315"]
[BlackElo "2149"]
[TimeControl "180+1"]
[EndTime "10:35:18 PDT"]
[Termination "goofypenguin96 won by checkmate"]

1. e4 c5 2. Nf3 e6 3. c3 Nf6 4.
Bd3 d5 5. e5 Nfd7 6. Bc2 Nc6 7.
d4 cxd4 8. cxd4 Be7 9. a3 f6 10. exf6 Nxf6 11. O-O O-O 12. Nc3 Qe8 13. Bg5 Qh5 14. Be3 Ng4 15. h3 Nxe3 16. fxe3 Bd7 17. Qd3 Be8 18. Rae1 Bg6 19. Qd2 Bxc2 20. Qxc2 Rf7 21.
b4 a6 22. Na4 Raf8 23. Nc5 Bxc5 24. bxc5 e5 25. dxe5 Nxe5 26. Nxe5 Qxe5 27. Rxf7 Rxf7 28. Qd3 Qg3 29. Rd1 h6 30. Kh1 Rd7 31. Qf5 Rf7 32.
Qe6 Qf2 33. Rxd5 Qe1+ 34. Kh2 Qf2 35. Rd8+ Kh7 36. Qe4+ g6 37. Qe8 g5 38. Qg8# 1-0

[Event "*** SCC Grand Prix: Titled Tuesday Blitz"]
[Site "Chess.com"]
[Date "2020.06.09"]
[Round "8"]
[White "novocane"]
[Black "Susal_De_Silva"]
[Result "0-1"]
[WhiteElo "2200"]
[BlackElo "2364"]
[TimeControl "180+1"]
[EndTime "10:35:19 PDT"]
[Termination "Susal_De_Silva won by resignation"]

1. d4 Nf6 2. c4 e5 3. dxe5 Ng4 4. e3 Nxe5 5. Nh3 Nbc6 6. Be2 d6 7. Nf4 Ng6 8. Nc3 Be7 9. b3 Bf6 10. Bb2 Nxf4 11.
exf4 O-O 12. O-O Bf5 13. Bf3 Qd7 14. g3 Nd4 15. Bg2 Nc2 16. Rc1 Nb4 17. Ba1 Bxc3 18. Rxc3 Nxa2 19. Re3 Nb4 20. Bxb7 Rab8 21. Bg2 Na6 22. Qd4 f6 23. Rfe1 Nc5 24. Re7 Qc8 25. Bd5+ Kh8 26. Rxg7 Kxg7 27. Re7+ Kg6 28. Bf7+ Rxf7 29.
Rxf7 Kxf7 30. Qxf6+ Ke8 31. g4 Bxg4 32. Qg7 Rxb3 33.
Bf6 Rb1+ 34. Kg2 Bh3+ 35. Kf3 Qg4+ 36. Qxg4 Rb3+ 37. Bc3 Rxc3+ 0-1

[Event "*** SCC Grand Prix: Titled Tuesday Blitz"]
[Site "Chess.com"]
[Date "2020.06.09"]
[Round "8"]
[White "NIGWAPO"]
[Black "abhidabhi"]
[Result "0-1"]
[WhiteElo "2560"]
[BlackElo "2727"]
[TimeControl "180+1"]
[EndTime "10:35:20 PDT"]
[Termination "abhidabhi won by resignation"]

1. e4 e6 2. d4 d5 3. Bd3 dxe4 4. Bxe4 Nf6 5. Bf3 c5 6. Ne2 Nc6 7. Bxc6+ bxc6 8. O-O cxd4 9. Qxd4 Qxd4 10. Nxd4 c5 11. Nb5 Nd5 12. N1c3 Nxc3 13. Nxc3 Bd7 14. Be3 Be7 15. Ne4 c4 16. Rfd1 e5 17. Rd5 Bc6 18. Rxe5 f6 19. Nd6+ Kd7 20. Rxe7+ Kxe7 21. Nxc4 Bd5 22.
Nd2 Rhc8 23. c3 Rab8 24. b3 Rxc3 25. Bxa7 Ra8 26. Bd4 Rd3 27. Bc5+ Kf7 28. Nf1 Bxb3 29. a3 Be6 30. h3 Rb3 31. Re1 Rc3 32. Bb4 Rc6 33. Ne3 g5 34. Rd1 Rac8 35. Kh2 f5 36. g3 f4 37. gxf4 gxf4 38. Ng2 Rc4 39. Rd3 Rg8 40.
Bd6 Rc2 41. Rf3 Bd5 42. Rxf4+ Ke6 43. Ne3 Kxd6 44. Rf6+ Ke5 45. Rf5+ Ke6 46. Rxd5 Rxf2+ 47. Kh1 Rf3 0-1

[Event "*** SCC Grand Prix: Titled Tuesday Blitz"]
[Site "Chess.com"]
[Date "2020.06.09"]
[Round "8"]
[White "PattyCastillo"]
[Black "SergioGarciaFuentes"]
[Result "0-1"]
[WhiteElo "1911"]
[BlackElo "2224"]
[TimeControl "180+1"]
[EndTime "10:35:20 PDT"]
[Termination "SergioGarciaFuentes won by resignation"]

1. d4 d5 2. Nf3 Nc6 3. e3 Bg4 4. Be2 e6 5. h3 Bh5 6. O-O Nf6 7. c4 Be7 8. Qb3 Rb8 9. Nc3 O-O 10. Bd2 Bxf3 11. Bxf3 Na5 12. Qc2 Nxc4 13. b3 Nxd2 14. Qxd2 c6 15. Rad1 Bb4 16. Qc2 Qa5 17. Na4 Rbc8 18.
Rc1 Nd7 19. e4 dxe4 20. Bxe4 g6 21. Rfd1 Ba3 22. Rb1 Bb4 23. Rbc1 Rfd8 24. Qe2 Nf6 25. Bb1 Ba3 26. Rc2 Nd5 27. Qf3 Qc7 28. Nc5 Bxc5 29. dxc5 Qe5 30. Re2 Qg7 31. Red2 Re8 32. Be4 f5 33.
Bxd5 exd5 34. Re2 Re4 35. Rde1 Rce8 36. Qd3 Qe5 37. Kf1 Rxe2 38. Rxe2 Qa1+ 0-1

[Event "*** SCC Grand Prix: Titled Tuesday Blitz"]
[Site "Chess.com"]
[Date "2020.06.09"]
[Round "8"]
[White "GustavoJuarezF"]
[Black "rududuyk"]
[Result "0-1"]
[WhiteElo "1973"]
[BlackElo "2176"]
[TimeControl "180+1"]
[EndTime "10:35:20 PDT"]
[Termination "rududuyk won on time"]

1. e4 e5 2. Nc3 Nf6 3. g3 Bb4 4. Bg2 O-O 5. Nge2 c6 6. O-O d5 7.
exd5 cxd5 8. d3 Nc6 9. Bg5 d4 10.
Nd5 Be7 11. Nxe7+ Qxe7 12. f4 exf4 13. Bxf6 Qxf6 14. Rxf4 Qd6 15. Qd2 Be6 16. Bxc6 bxc6 17. Nxd4 Bd7 18. Nf5 Qc5+ 19. Ne3 Rfe8 20. d4 Qb6 21. c3 Rab8 22. Rf2 c5 23. Nc4 Qa6 24. Ne5 Be6 25. d5 Rbd8 26. c4 Bxd5 27. cxd5 Rxe5 28. Rxf7 Rexd5 29. Qf4 Rd1+ 30. Kf2 R8d2+ 0-1

[Event "*** SCC Grand Prix: Titled Tuesday Blitz"]
[Site "Chess.com"]
[Date "2020.06.09"]
[Round "8"]
[White "kleopl"]
[Black "bulletteemo"]
[Result "0-1"]
[WhiteElo "2357"]
[BlackElo "2543"]
[TimeControl "180+1"]
[EndTime "10:35:21 PDT"]
[Termination "bulletteemo won by resignation"]

1. c4 e5 2. Nc3 Nf6 3. Nf3 Nc6 4. e4 Bb4 5. d3 a5 6. a3 Bc5 7. Nxe5 Bxf2+ 8. Kxf2 Nxe5 9. d4 Nfg4+ 10. Ke1 Qh4+ 11. g3 Qf6 12. Bf4 d6 13. Nd5 Qd8 14. dxe5 dxe5 15. Bd2 O-O 16. Be2 h5 17. h3 c6 18. hxg4 cxd5 19. cxd5 hxg4 20. Bxg4 g6 21. Rc1 Qb6 22. Rc2 Qd4 23. Qe2 b6 24. Bc3 Qa4 25. Bxe5 f6 26. Bxc8 Raxc8 27. Rxc8 Rxc8 28. Bc3 Re8 29.
Rh4 g5 30. Rh8+ Kxh8 31. Qh5+ Kg7 32. Qxg5+ Kh7 33. Qh5+ Kg7 34. Qxe8 Qxe8 35. e5 fxe5 36. Ke2 Qb5+ 37. Ke3 Qxd5 0-1

[Event "*** SCC Grand Prix: Titled Tuesday Blitz"]
[Site "Chess.com"]
[Date "2020.06.09"]
[Round "8"]
[White "BocharovD"]
[Black "bait_or_mate"]
[Result "1-0"]
[WhiteElo "2762"]
[BlackElo "2598"]
[TimeControl "180+1"]
[EndTime "10:35:22 PDT"]
[Termination "BocharovD won by resignation"]

1. c4 e5 2. d3 Nc6 3. Nf3 g6 4. Nc3 Bg7 5. g3 Nge7 6. Bg2 O-O 7. O-O d6 8. Rb1 h6 9. b4 Be6 10. b5 Nb8 11. Nd2 c6 12. Ba3 a6 13. bxc6 bxc6 14. Qa4 Qc7 15. Rfc1 Nd7 16. Nd5 Bxd5 17. cxd5 c5 18.
Nc4 Rfb8 19. Qa5 Qxa5 20. Nxa5 Rb5 21. Nc6 Nc8 22. Bb2 Ncb6 23. e4 Na4 24. Ba1 Kf8 25. Bh3 Ndb6 26. Rb3 Nc8 27. Bxc8 Rxc8 28. Na7 Rxb3 29.
Nxc8 Rxd3 30. Nxd6 Ke7 31. Nc4 f6 32. Kf1 Kd7 33. Ke2 Rd4 34. Bxd4 cxd4 35. f4 Nc3+ 36. Kd3 Nxa2 37. Rb1 Nc3 38. Rb7+ 1-0

[Event "*** SCC Grand Prix: Titled Tuesday Blitz"]
[Site "Chess.com"]
[Date "2020.06.09"]
[Round "8"]
[White "Orest_Vovk"]
[Black "MiroVlasenko"]
[Result "1-0"]
[WhiteElo "2482"]
[BlackElo "2604"]
[TimeControl "180+1"]
[EndTime "10:35:22 PDT"]
[Termination "Orest_Vovk won by resignation"]

1. h4 d5 2. h5 h6 3. e4 dxe4 4. Nc3 Nf6 5. Qe2 Nc6 6. Nxe4 Nd4 7. Nxf6+ gxf6 8. Qd1 Bf5 9. d3 e6 10. Be3 Qd5 11.
c3 Nc6 12. Qb3 O-O-O 13. Qxd5 Rxd5 14. O-O-O e5 15. g3 Bg7 16. Bh3 Be6 17. Bxe6+ fxe6 18. Nf3 f5 19. Nh4 Rhd8 20. Kc2 b6 21. Ng6 Kb7 22. f4 exf4 23. gxf4 e5 24. fxe5 Nxe5 25. Nxe5 Rxe5 26. Bf4 Re2+ 27. Rd2 Rde8 28. Rg1 Bf8 29. Rg6 R2e6 30.
Rxe6 Rxe6 31. Rg2 Kc6 32. Rg8 Rf6 33. Rg6 Rxg6 34. hxg6 Bg7 35. d4 Kd5 36. Bxc7 Ke6 37. Be5 Bxe5 38. dxe5 h5 39. Kd3 h4 40. Ke3 h3 41. Kf3 f4 42. c4 a5 43. b3 1-0

[Event "*** SCC Grand Prix: Titled Tuesday Blitz"]
[Site "Chess.com"]
[Date "2020.06.09"]
[Round "8"]
[White "CzechmVIII"]
[Black "queen_iryna"]
[Result "1-0"]
[WhiteElo "2183"]
[BlackElo "2304"]
[TimeControl "180+1"]
[EndTime "10:35:22 PDT"]
[Termination "CzechmVIII won on time"]

1. e4 d6 2. d4 Nf6 3. Nc3 g6 4. f4 Bg7 5. Nf3 O-O 6. Bd3 Na6 7. O-O c5 8. d5 Bg4 9. Bc4 Rb8 10. h3 Bxf3 11.
Qxf3 Nb4 12. Qe2 Nd7 13. a3 Na6 14. Bd2 Nc7 15. Rad1 b5 16. Nxb5 Nxb5 17. Bxb5 Bxb2 18. e5 dxe5 19. Bxd7 Qxd7 20. fxe5 Qxd5 21. Bh6 Qxe5 22.
Qxe5 Bxe5 23. Bxf8 Rxf8 24. Rd7 Bd6 25. Rxa7 c4 26. Rb7 Bxa3 27. Rd1 Bd6 28. Kf1 Ra8 29. Rd4 c3 30. Rc4 Ra1+ 31. Ke2 Ra3 32. Kd3 Be5 33. Rxe7 Bf6 34. Rb7 Ra6 35. Rd7 Re6 36. Re4 Rxe4 37. Kxe4 Kg7 38. Kd5 h5 39. Rb7 Bg5 40.
Kc6 Bd2 41. Kd7 Kf6 42. Ke8 Kg5 43. Rxf7 Kh4 44. Rf3 1-0

[Event "*** SCC Grand Prix: Titled Tuesday Blitz"]
[Site "Chess.com"]
[Date "2020.06.09"]
[Round "8"]
[White "freshfoodcompany"]
[Black "Gromes7"]
[Result "1-0"]
[WhiteElo "2211"]
[BlackElo "2041"]
[TimeControl "180+1"]
[EndTime "10:35:22 PDT"]
[Termination "freshfoodcompany won by resignation"]

1. d4 Nf6 2. c4 e6 3. Nc3 Bb4 4. e3 O-O 5. Bd3 d5 6. Nf3 c5 7. O-O dxc4 8. Bxc4 b6 9. a3 Ba5 10. Ne5 Bb7 11. Rb1 cxd4 12. exd4 Bxc3 13. bxc3 Qc7 14.
Qb3 Nc6 15. Nxc6 Bxc6 16. h3 Qb7 17. f3 Rac8 18. Bg5 Nd5 19. Rbc1 h6 20. Bd2 b5 21.
Be2 a6 22. Rb1 Nb6 23. Rfc1 Bd5 24. c4 Bxc4 25. Bxc4 Nxc4 26. Rxc4 Rxc4 27. Qxc4 Qxf3 28. gxf3 bxc4 29. Bf4 Rd8 30. Rb8 Rxb8 31. Bxb8 Kf8 32. Kf2 Ke8 33. Ke3 Kd7 34. Kd2 Kc6 35. Kc3 Kd5 36.
Bf4 h5 37. h4 g6 38. Be5 a5 39. a4 g5 40. hxg5 h4 41. Bc7 h3 42. Bh2 e5 43. Bxe5 Ke6 44. Kxc4 Kf5 45. Bh2 Kxg5 46. d5 Kf5 47. d6 Ke6 48. Kb5 f5 49. Kxa5 1-0

[Event "*** SCC Grand Prix: Titled Tuesday Blitz"]
[Site "Chess.com"]
[Date "2020.06.09"]
[Round "8"]
[White "Roza_Idrisova"]
[Black "rakshi2005"]
[Result "0-1"]
[WhiteElo "2184"]
[BlackElo "2330"]
[TimeControl "180+1"]
[EndTime "10:35:23 PDT"]
[Termination "rakshi2005 won by checkmate"]

1. d4 Nf6 2. Nf3 g6 3. c4 Bg7 4. Nc3 d6 5. e4 O-O 6. Be2 e5 7. O-O Nc6 8. d5 Ne7 9. b4 Nd7 10. a4 h6 11. a5 f5 12. Ba3 f4 13. Nd2 g5 14. Bg4 Qe8 15. Be6+ Kh8 16. c5 Nf6 17.
Bxc8 Rxc8 18. cxd6 cxd6 19. b5 Rxc3 20. Bxd6 Qd7 21. Bxe5 Rcc8 22. Qb3 Ng4 23. Bxg7+ Kxg7 24. Qb2+ Kh7 25. h3 Nf6 26. Rfe1 Rfe8 27. b6 a6 28.
Rad1 Ng6 29. Nf3 g4 30. hxg4 Nxg4 31. e5 Qf5 32. e6 Qh5 33. Qd4 Nh4 34. Nxh4 Qxh4 35.
Qxf4 Rf8 36. Qe4+ Kh8 37. Qd4+ Rf6 38. g3 Qh2+ 39. Kf1 Rc2 40. Re4 Qh1# 0-1

[Event "*** SCC Grand Prix: Titled Tuesday Blitz"]
[Site "Chess.com"]
[Date "2020.06.09"]
[Round "8"]
[White "gumimis"]
[Black "Nara_Kh"]
[Result "1-0"]
[WhiteElo "2157"]
[BlackElo "2257"]
[TimeControl "180+1"]
[EndTime "10:35:24 PDT"]
[Termination "gumimis won on time"]

1. e4 d6 2. d4 Nf6 3. Nc3 g6 4. Bg5 h6 5. Bxf6 exf6 6. f4 f5 7. e5 dxe5 8. dxe5 Be7 9. Qxd8+ Bxd8 10. Bc4 O-O 11. O-O-O Nc6 12. Nf3 Na5 13. Be2 b6 14.
h4 Bb7 15. h5 Be7 16. hxg6 fxg6 17.
Rxh6 Kg7 18. Rhh1 Rh8 19. Rxh8 Kxh8 20. Rd7 Bc5 21. g3 Bc6 22. Rxc7 Rd8 23. a3 Be3+ 24. Kb1 Bxf3 25. Bxf3 Kg8 26. b4 Bd2 27. bxa5 bxa5 28. Nd5 Rb8+ 29. Ka2 Be1 30. Nf6+ Kf8 31. Bd5 1-0

[Event "*** SCC Grand Prix: Titled Tuesday Blitz"]
[Site "Chess.com"]
[Date "2020.06.09"]
[Round "8"]
[White "Semetey"]
[Black "theblitzchamp"]
[Result "1-0"]
[WhiteElo "2551"]
[BlackElo "2687"]
[TimeControl "180+1"]
[EndTime "10:35:26 PDT"]
[Termination "Semetey won by checkmate"]

1. Nf3 Nf6 2. d4 g6 3. Bf4 d6 4. e3 Nbd7 5. h3 Bg7 6. Bh2 O-O 7. Be2 c6 8. O-O Re8 9. c4 c5 10. Nc3 a6 11. Qd2 b6 12. Rad1 Bb7 13. d5 Rb8 14. a4 h6 15. e4 Nf8 16. Rfe1 g5 17. e5 dxe5 18. Nxe5 Rc8 19. f4 N6h7 20. Bh5 Bxe5 21. Rxe5 e6 22. fxg5 hxg5 23. Rf1 Ng6 24. Bxg6 fxg6 25.
Qc2 Kg7 26. dxe6 Qd4+ 27. Kh1 Rf8 28. Qe2 Rxf1+ 29. Qxf1 Rf8 30. Qe1 Rf2 31. Rxg5 Nxg5 32. Be5+ Kh7 33. Bxd4 Bxg2+ 34. Kg1 Nxh3+ 35. Kh2 Rxb2 36. Qh4+ Kg8 37. Qh8# 1-0

[Event "*** SCC Grand Prix: Titled Tuesday Blitz"]
[Site "Chess.com"]
[Date "2020.06.09"]
[Round "8"]
[White "Kapitan_Bayan"]
[Black "Glek_Igor"]
[Result "1-0"]
[WhiteElo "2355"]
[BlackElo "2429"]
[TimeControl "180+1"]
[EndTime "10:35:26 PDT"]
[Termination "Kapitan_Bayan won on time"]

1. d4 e6 2. Nf3 f5 3. g3 Nf6 4. Bg2 Be7 5. O-O O-O 6. c4 d6 7. Nc3 Ne4 8. Qc2 Nxc3 9. Qxc3 a5 10. b3 Nc6 11. Bb2 Bf6 12. Qd2 e5 13. dxe5 dxe5 14.
Qd5+ Kh8 15. Rad1 Qe8 16. Qd2 e4 17. Nd4 Ne5 18. Nb5 Qf7 19. Qd5 Be6 20. Qxb7 Rac8 21. Ba3 Rg8 22. Qa7 Qh5 23. Nxc7 Bf7 24. Nd5 Bxd5 25.
Rxd5 Qxe2 26. Bd6 Nf3+ 27. Bxf3 exf3 28. Qe3 Rge8 29. Qd2 Bb2 30. Bf4 Ba3 31. Rd3 Bb4 32.
Qd1 1-0

[Event "*** SCC Grand Prix: Titled Tuesday Blitz"]
[Site "Chess.com"]
[Date "2020.06.09"]
[Round "8"]
[White "Future2700"]
[Black "harlem4brew"]
[Result "1-0"]
[WhiteElo "2404"]
[BlackElo "2213"]
[TimeControl "180+1"]
[EndTime "10:35:26 PDT"]
[Termination "Future2700 won by checkmate"]

1. e4 c5 2. Nf3 Nc6 3. d4 cxd4 4. Nxd4 Nf6 5. Nc3 g6 6. Nxc6 bxc6 7. e5 Nd5 8. Nxd5 cxd5 9. Qxd5 Rb8 10. Bc4 e6 11.
Qd3 Qa5+ 12. c3 Qxe5+ 13. Be3 Bg7 14. O-O O-O 15. Bxa7 Rxb2 16. Bd4 Qd6 17. Rfd1 Bxd4 18. cxd4 Qf4 19. Qe3 Qxe3 20. fxe3 d5 21. Bd3 Bd7 22. a4 Ra8 23. a5 Bb5 24. a6 Ra7 25. Ra5 Bxd3 26. Rxd3 Rb1+ 27. Kf2 Rb2+ 28. Kf3 Rb6 29.
Rda3 Kg7 30. Kf4 Kf6 31. h4 h6 32. g4 g5+ 33. Kg3 Ke7 34. Ra2 Rd6 35. h5 f5 36. Kf3 Kf6 37. R5a3 Rb6 38. Kg3 Rb1 39. Rc3 Rg1+ 40. Kf2 Rxg4 41. Rb3 Rh4 42. Kg2 Rf4 43.
exf4 gxf4 44. Rb7 Ra8 45. a7 Rg8+ 46. Kf3 Rg3+ 47. Kf2 Kg5 48. a8=Q Kg4 49. Rg7+ Kh3 50. Rxg3+ fxg3+ 51. Kf3 f4 52. Kxf4 g2 53. Qa3+ Kh4 54.
Qg3+ Kxh5 55. Qg4# 1-0

[Event "*** SCC Grand Prix: Titled Tuesday Blitz"]
[Site "Chess.com"]
[Date "2020.06.09"]
[Round "8"]
[White "vaishali2001"]
[Black "LisikValera"]
[Result "0-1"]
[WhiteElo "2613"]
[BlackElo "2484"]
[TimeControl "180+1"]
[EndTime "10:35:27 PDT"]
[Termination "LisikValera won by resignation"]

1. e4 e6 2. d4 d5 3. Nd2 Nc6 4. Ngf3 Nf6 5. e5 Nd7 6. Bd3 Nb4 7. Be2 c5 8. c3 Nc6 9. Bd3 f6 10. exf6 Qxf6 11. O-O Bd6 12. Re1 O-O 13. Bxh7+ Kh8 14. Nf1 e5 15. dxe5 Ndxe5 16. Ng5 Qxf2+ 17. Kh1 Bg4 18. Be3 Bxd1 19. Bxf2 Rxf2 20. Raxd1 d4 21. Ne4 Rxb2 22. Nxd6 Kxh7 23. cxd4 cxd4 24. a4 Rf8 25. Nd2 Rf2 26. N6e4 Nd3 27. Rg1 Rfxd2 28. Rdf1 Nf2+ 29.
Nxf2 Rxf2 30. Rd1 Rbd2 31. h4 Rxd1 32. Rxd1 Kg6 33. Kh2 Kf5 34. Kh3 Ke4 35. Rb1 d3 36.
Rxb7 d2 37. Rd7 Nd4 0-1

[Event "*** SCC Grand Prix: Titled Tuesday Blitz"]
[Site "Chess.com"]
[Date "2020.06.09"]
[Round "8"]
[White "ecwinslow"]
[Black "djano"]
[Result "1-0"]
[WhiteElo "2267"]
[BlackElo "2396"]
[TimeControl "180+1"]
[EndTime "10:35:28 PDT"]
[Termination "ecwinslow won by resignation"]

1. e4 c5 2. Nf3 e6 3. d4 cxd4 4. Nxd4 a6 5. Nc3 b5 6. Bd3 Bb7 7. O-O Ne7 8. Be3 Nbc6 9. a4 b4 10. Nce2 d5 11. Nxc6 Nxc6 12. exd5 Qxd5 13. f3 Bc5 14.
Qd2 Rd8 15. Kh1 Bxe3 16. Qxe3 O-O 17. b3 e5 18. Ng3 g6 19. Qh6 Rfe8 20. Nh5 gxh5 21.
Bxh7+ Kh8 22. Be4+ Kg8 23. Bxd5 Rxd5 24. Rad1 Nd4 25.
Qxh5 Re6 26. Qg5+ Rg6 27. Qe7 Bc6 28. Rfe1 Nf5 29. Qc7 Ne3 30. Rxd5 Nxd5 31. Qxe5 Nc3 32. Qb8+ Kg7 33. Re7 Bd5 34. Qe5+ Kh7 35. Rc7 Re6 36.
Qh5+ Kg7 37. Qg5+ Kf8 38. h4 Re1+ 39. Kh2 Re8 40. Rxc3 bxc3 41. Qxd5 1-0

[Event "*** SCC Grand Prix: Titled Tuesday Blitz"]
[Site "Chess.com"]
[Date "2020.06.09"]
[Round "8"]
[White "shineatchess"]
[Black "juniortay"]
[Result "0-1"]
[WhiteElo "2241"]
[BlackElo "2401"]
[TimeControl "180+1"]
[EndTime "10:35:28 PDT"]
[Termination "juniortay won on time"]

1. e4 e6 2. d4 c5 3. d5 exd5 4. exd5 d6 5. Bb5+ Bd7 6. a4 Nf6 7. Nf3 Be7 8. O-O O-O 9. h3 Bf5 10. Nc3 Nbd7 11. Re1 a6 12. Bd3 Bg6 13. Bf4 Rb8 14.
a5 Re8 15. Bxg6 hxg6 16. Nd2 b5 17. axb6 Nxb6 18. Nb3 Nc4 19. Qc1 a5 20. Ra4 Rb4 21. Bg3 Qd7 22. Ra2 a4 23. Nd2 Reb8 24. Nxc4 Rxc4 25. Qe3 Bf8 26. Rea1 Rcb4 27. Qc1 Qf5 28. Rxa4 Nxd5 29. Nxd5 Qxd5 30. Rxb4 Rxb4 31. c3 Re4 32.
Qc2 Qe6 33. Rd1 d5 34. Kh2 Kh7 35. Qd3 d4 36. cxd4 Rxd4 37. Qc2 Re4 38. Qd3 c4 39. Qc3 Be7 40. Rc1 Bf6 41. Qa5 Re2 42. Rc2 Rxc2 43. Qc5 Rxb2 0-1

[Event "*** SCC Grand Prix: Titled Tuesday Blitz"]
[Site "Chess.com"]
[Date "2020.06.09"]
[Round "8"]
[White "XDPS"]
[Black "rpragchess"]
[Result "0-1"]
[WhiteElo "2679"]
[BlackElo "2841"]
[TimeControl "180+1"]
[EndTime "10:35:29 PDT"]
[Termination "rpragchess won on time"]

1. d4 Nf6 2. Bf4 d5 3. e3 c5 4. Nd2 Qb6 5. dxc5 Qxc5 6. c4 Nc6 7. Ngf3 Bg4 8. Rc1 Qb4 9. a3 Qxb2 10. Rb1 Qxa3 11.
Rxb7 e5 12. cxd5 exf4 13. Bb5 fxe3 14. Bxc6+ Kd8 15. O-O exd2 16. Rb3 Qc1 17. Bxa8 Qxd1 18. Rxd1 Bxf3 19. gxf3 Nd7 20. Rxd2 Bc5 21. Bc6 Bb6 22. Kg2 Ne5 23. f4 Nc4 24. Rc2 Nd6 25. Rg3 g6 26. Re2 Nf5 27. Ra3 Kc7 28. Rc2 Kd6 29. Bb7 Nd4 30. Rc4 Re8 31. Rb3 Nxb3 32. Rc6+ Kd7 33.
Rc3 Na5 0-1

[Event "*** SCC Grand Prix: Titled Tuesday Blitz"]
[Site "Chess.com"]
[Date "2020.06.09"]
[Round "8"]
[White "PrinceMurad09"]
[Black "GM_Buhmann"]
[Result "0-1"]
[WhiteElo "2514"]
[BlackElo "2732"]
[TimeControl "180+1"]
[EndTime "10:35:31 PDT"]
[Termination "GM_Buhmann won on time"]

1. e4 c5 2. Nf3 d6 3. d4 cxd4 4.
Nxd4 Nf6 5. Nc3 a6 6. h3 e6 7. a4 b6 8. g3 Bb7 9. Bg2 Nbd7 10. O-O Rc8 11. Re1 Qc7 12. Nb3 Qb8 13. Bf4 Ne5 14. Nd2 Be7 15. Be3 Ned7 16. Qe2 Qa8 17. Bf4 O-O 18. Rad1 e5 19. Bg5 Rxc3 20. bxc3 Nc5 21.
Bxf6 Bxf6 22. Nc4 Nxa4 23. Qe3 Rc8 24. Nxb6 Nxb6 25. Qxb6 Rc6 26. Qb3 a5 27. Rb1 Bc8 28.
Qb8 Qxb8 29. Rxb8 h5 30. Ra1 Rxc3 31. Rxa5 Kh7 32. Rd5 Be7 33. Rd2 h4 34. gxh4 Be6 35.
Re8 Bxh4 36. Rxe6 fxe6 37. Rxd6 Rxc2 38. Rxe6 Bxf2+ 39. Kf1 Bg3 40. Kg1 g6 41. Bf3 Kh6 42. Bg4 Kg5 43. Ra6 Bf4 44. Ra4 Be3+ 45. Kf1 Kf4 0-1

[Event "*** SCC Grand Prix: Titled Tuesday Blitz"]
[Site "Chess.com"]
[Date "2020.06.09"]
[Round "8"]
[White "awesomevishesh"]
[Black "GaboSalazar2001"]
[Result "0-1"]
[WhiteElo "2400"]
[BlackElo "2280"]
[TimeControl "180+1"]
[EndTime "10:35:31 PDT"]
[Termination "GaboSalazar2001 won by resignation"]

1. d4 Nf6 2. c4 c5 3. d5 b5 4. cxb5 a6 5. b6 g6 6. Nc3 Bg7 7. e4 d6 8. a4 a5 9. Nf3 O-O 10. Nd2 Nbd7 11. Be2 Nxb6 12. O-O e6 13. Nc4 exd5 14.
exd5 Re8 15. Nxb6 Qxb6 16. Bb5 Bd7 17. Bf4 Bxb5 18. Nxb5 Rad8 19. Qd3 Re4 20. Bd2 c4 21. Qf3 Rde8 22. Bc3 Nxd5 23. Bxg7 Kxg7 24. Rad1 Qc5 25.
h4 R8e6 26. Rd2 Nf4 27. Nc3 Rd4 28. Rfd1 Rxd2 29. Rxd2 Qe5 30. Rd1 Nd3 31. Qb7 Qf4 32.
Rf1 Re1 33. Rxe1 Qxf2+ 34. Kh2 Qxh4+ 35. Kg1 Qxe1+ 36. Kh2 0-1

[Event "*** SCC Grand Prix: Titled Tuesday Blitz"]
[Site "Chess.com"]
[Date "2020.06.09"]
[Round "8"]
[White "DenLaz"]
[Black "Raja3401"]
[Result "0-1"]
[WhiteElo "2654"]
[BlackElo "2818"]
[TimeControl "180+1"]
[EndTime "10:35:32 PDT"]
[Termination "Raja3401 won by resignation"]

1. d4 Nf6 2. c4 e6 3. Nf3 d5 4. Nc3 c6 5. e3 Nbd7 6. Qc2 Bd6 7. b3 O-O 8. Be2 e5 9. cxd5 cxd5 10. Nb5 Bb8 11. Ba3 Re8 12. Rc1 exd4 13. Nfxd4 Ne5 14.
Nc7 Bd7 15. Nxa8 Qa5+ 16. Qd2 Qxa3 17. Nc7 Rc8 18. Nc2 Qb2 19. Nxd5 Nxd5 20. O-O Nc3 21. Bc4 Bf5 22. Kh1 Nxc4 23. bxc4 Nxa2 24. Ra1 Bxc2 25.
Qd7 Rf8 26. c5 Nb4 27. Qxb7 Qe5 28. f4 Qxc5 29. Rac1 Nd3 30. Rxc2 Qxc2 31. Qf3 a5 32. h3 a4 33. Kh2 a3 34. Ra1 a2 35. Qa8 Bxf4+ 36. exf4 Rxa8 0-1